Cogmind - Beta 14 @@@ ROGUE MODE // 2024.12.13 @ 22:59:45 Player: Toastee Result: Self-destructed Performance ------------- Evolutions (2) 1000 Regions Visited (4) 800 Robots Destroyed (31) 155 Value Destroyed (725) 725 Prototype IDs (2) 40 Alien Tech Used (0) 0 Bonus (245) 245 TOTAL SCORE: 2965 Bonus ------- High Alert Combat Kills 33 Follower Combat Kills 212 Cogmind --------- Core Integrity 423/550 Matter 300/300 Energy 11/100 System Corruption 0% Temperature Cool (0) Movement Walking (130) Location -8/Materials Parts ------- > --- POWER (2) -------- (None) > --- PROPULSION (4) --- Titanium Leg Titanium Leg Titanium Leg > --- UTILITY (3) ------ Hardened Medium Armor Plating High-powered Tractor Beam > --- WEAPON (2) ------- Heavy Particle Gun Mace > --- INVENTORY (5) ---- Improved Treads Beam Rifle Heavy Assault Rifle Light Cannon Improved Light Cannon Peak State ------------ > --- POWER ------------ Light Ion Engine Light Deuterium Engine > --- PROPULSION ------- Titanium Leg Titanium Leg Titanium Leg Titanium Leg > --- UTILITY ---------- Small Storage Unit Hardened Medium Armor Plating High-powered Tractor Beam > --- WEAPON ----------- Heavy Particle Gun Mace > --- INVENTORY -------- Improved Treads Beam Rifle Heavy Assault Rifle Light Cannon Improved Light Cannon Improved Light Cannon Hammer [Rating: 30] Favorites ----------- Power Light Ion Engine Engine Light Ion Engine Power Core Light Nuclear Core Propulsion Aluminum Leg Leg Aluminum Leg Utility Small Storage Unit Device Experimental Sensor Array Storage Small Storage Unit Hackware Hacking Suite Protection Hardened Medium Armor Plating Weapon Light Cannon Energy Gun Medium Laser Ballistic Cannon Light Cannon Impact Weapon Hammer Build | -11 -10 -10 -9 -8 ------- Run | Yrd Mat Min Mat Mat Slots Evolved 4 | . . . 2 2 Power 1 | . . . . 1 Propulsion 2 | . . . 2 . Utility 1 | . . . . 1 Weapon . | . . . . . Parts Attached 30 | 6 1 5 9 9 Power 5 | 1 . 1 1 2 Engine 4 | 1 . 1 1 1 Core 1 | . . . . 1 Reactor . | . . . . . Propulsion 8 | 2 . . 6 . Treads . | . . . . . Leg 8 | 2 . . 6 . Wheel . | . . . . . Hover . | . . . . . Flight . | . . . . . Utility 8 | 1 1 2 2 2 Device 4 | . . 2 . 2 Storage 2 | 1 1 . . . Processor . | . . . . . Hackware 1 | . . . 1 . Protection 1 | . . . 1 . Artifact . | . . . . . Weapon 9 | 2 . 2 . 5 Energy Gun 3 | 2 . . . 1 Energy Cannon . | . . . . . Ballistic Gun . | . . . . . Ballistic Cannon 3 | . . 1 . 2 Launcher . | . . . . . Special Weapon . | . . . . . Impact Weapon 3 | . . 1 . 2 Slashing Weapon . | . . . . . Piercing Weapon . | . . . . . Special Melee Weapon . | . . . . . Unidentified Prototypes 2 | . . 1 . 1 Parts Lost 8 | . . 4 . 4 Power 4 | . . 1 . 3 Propulsion 1 | . . . . 1 Utility 1 | . . 1 . . Weapon 2 | . . 2 . . Highest Loss Streak 4 | . . 4 . 2 To Critical Strikes . | . . . . . Average Slot Usage (%) 91 | . 91 96 80 92 Engine 12 | . 14 13 11 13 Leg 28 | . 28 28 25 35 Device 9 | . . 11 9 7 Storage 13 | . 19 16 11 7 Protection 1 | . . . . 9 Energy Gun 4 | . 28 4 . 5 Ballistic Cannon 9 | . . 11 11 3 Impact Weapon 9 | . . 9 11 9 Peak Build Rating 30 | 6 7 15 22 30 Average Rating 15 | 4 6 12 16 26 On Entrance 9 | . 6 7 15 21 Naked Turns . | . . . . . Heaviest Build 28 | 13 14 14 23 28 Greatest Support 68 | 20 20 20 68 68 Greatest Overweight (x) . | . . . . . Average Overweight (x) . | . . . . . Largest Inventory Capacity 8 | 8 8 8 8 8 Average Capacity 7 | 6 8 8 8 7 Most Carried 8 | 5 2 2 8 8 Average Carried 3 | . . 1 5 5 Final Capacity 8 | 8 8 8 8 5 Final Carried 5 | . 2 1 4 5 Class Distribution -------------------- 100% | Mutant Dominant Class ---------------- Mutant | -10/Materials Mutant | -10/Mines Mutant | -9/Materials Mutant | -8/Materials Resources | -11 -10 -10 -9 -8 ----------- Run | Yrd Mat Min Mat Mat Matter Collected 632 | 173 . 175 118 166 Remotely 62 | . . . . 62 Salvage Created 982 | . . 201 255 526 Parts 48 | . . 18 14 16 Haulers Intercepted . | . . . . . Recyclers Shooed 2 | . . 1 1 . Parts Field Recycled . | . . . . . Retrieved Matter . | . . . . . Parts Self-Destructed . | . . . . . Prevented . | . . . . . Kills | -11 -10 -10 -9 -8 ------- Run | Yrd Mat Min Mat Mat Combat Hostiles Destroyed 22 | . . 9 2 11 Melee 3 | . . . . 3 Guns 9 | . . 7 . 2 Cannons 4 | . . 2 2 . Classes Destroyed 8 | . . 4 3 1 Worker 4 | . . 1 1 2 Builder 1 | . . 1 . . Recycler 3 | . . . 2 1 Operator 1 | . . . 1 . Swarmer 10 | . . 7 . 3 Grunt 10 | . . 2 1 7 Duelist 1 | . . . . 1 Sentry 1 | . . . 1 . Best Kill Streak 9 | . . 3 2 9 Combat Bots Only 7 | . . 3 1 7 Max Kills in Single Turn 2 | . . 2 1 1 Gunslinging 1 | . . 1 . . Exploded . | . . . . . Melee 1 | . . . . 1 Uniques/NPCs Destroyed . | . . . . . Combat | -11 -10 -10 -9 -8 -------- Run | Yrd Mat Min Mat Mat Hostile Shots Fired 194 | . 34 73 5 82 Missed 62 | . 14 26 3 19 Damage Taken 1685 | . 162 483 41 999 Core 328 | . 68 105 28 127 Absorbed by Shields . | . . . . . Core Remaining (%) 74 | 100 . 30 93 . Volleys Fired 67 | . 1 31 22 13 Largest 2 | . 2 2 1 1 Hottest 90 | . 90 90 35 55 Shots Fired 85 | . 2 48 22 13 Gun 54 | . 2 41 . 11 Cannon 31 | . . 7 22 2 Launcher . | . . . . . Special . | . . . . . Kinetic 31 | . . 7 22 2 Thermal 54 | . 2 41 . 11 Explosive . | . . . . . Electromagnetic . | . . . . . Robot Hit Streak 9 | . 2 9 4 5 Robot Miss Streak 3 | . . 3 2 2 Penetration Max . | . . . . . Secondary Targets 1 | . . 1 . . Max Gunslinging Chain 1 | . . 1 . . Shots Hit Robots 72 | . 2 28 12 30 Core Hits 26 | . . 12 7 7 Critical Kills 1 | . . . . 1 Critical Parts Destroyed 3 | . . . . 3 Critical Strikes 6 | . . 2 . 4 Burn 1 | . . 1 . . Blast 1 | . . 1 . . Smash 4 | . . . . 4 Melee Attacks 29 | . . . . 29 Impact 29 | . . . . 29 Slashing . | . . . . . Piercing . | . . . . . Sneak Attacks 3 | . . . . 3 Combat Hostiles . | . . . . . Follow-up Attacks . | . . . . . Damage Inflicted 1574 | . 22 367 205 980 Guns 478 | . 22 304 . 152 Cannons 268 | . . 63 205 . Explosions . | . . . . . Melee 828 | . . . . 828 Ramming . | . . . . . Kinetic 268 | . . 63 205 . Thermal 478 | . 22 304 . 152 Explosive . | . . . . . Electromagnetic . | . . . . . Impact 828 | . . . . 828 Slashing . | . . . . . Piercing . | . . . . . Highest Corruption 1 | . . . 1 . Average Corruption 1 | . . . 1 . Corruption Purged . | . . . . . Corruption Blocked . | . . . . . Effects 6 | . . . 6 . Message Errors 2 | . . . 2 . Matter Fused 1 | . . . 1 . Heat Flow Errors 2 | . . . 2 . Data Loss (major) 1 | . . . 1 . Overload Shots . | . . . . . Overflow Damage 282 | . . . . 282 Projectiles . | . . . . . Explosions . | . . . . . Melee 282 | . . . . 282 Knockbacks 7 | . . 1 3 3 Impact 3 | . . . . 3 Kinetic 4 | . . 1 3 . Secondary . | . . . . . Self-Inflicted Damage . | . . . . . Shots . | . . . . . Rammed . | . . . . . Targets Rammed . | . . . . . Kicked . | . . . . . Crushed . | . . . . . Highest Temperature 241 | . 30 162 225 241 Average Temperature 92 | . 18 78 116 109 Received Heat Transfer 702 | . . 162 9 531 Effects 1 | . . . 1 . Interference 1 | . . . 1 . Siege Activations . | . . . . . Robots Corrupted 8 | . . . . 8 Combat Hostiles 6 | . . . . 6 Parts Fried 9 | . . . . 9 Impact Corruptions 13 | . . . . 13 Robots Melted . | . . . . . Combat Hostiles . | . . . . . Parts Melted 3 | . . 3 . . Heat Transferred 1274 | . 62 916 . 296 Parts Sabotaged . | . . . . . Parts Stolen . | . . . . . Parts Stripped . | . . . . . Power Chain Reactions . | . . . . . Alert | -11 -10 -10 -9 -8 ------- Run | Yrd Mat Min Mat Mat Peak Influence 454 | . . 220 337 454 Initial 89 | . . . . 89 Average 113 | . . 72 144 215 Maximum Alert Level 2 | . . 1 1 2 Low Security (%) 73 | 100 100 78 73 51 Level 1 24 | . . 21 26 41 Level 2 1 | . . . . 7 Level 3 . | . . . . . Level 4 . | . . . . . Level 5 . | . . . . . High Security . | . . . . . Max Security . | . . . . . Squads Dispatched 3 | . . . 2 1 Investigation 1 | . . . 1 . Extermination . | . . . . . Reinforcement 2 | . . . 1 1 Assault . | . . . . . Garrison . | . . . . . Intercept . | . . . . . Searches Triggered . | . . . . . Construction Impeded . | . . . . . Haulers Reinforced . | . . . . . Active Scanning Responses . | . . . . . Cargo Convoy Interrupts . | . . . . . Stealth | -11 -10 -10 -9 -8 --------- Run | Yrd Mat Min Mat Mat Distress Signals 5 | . . . 3 2 Communications Jammed . | . . . . . Distress Signals . | . . . . . Times Spotted 58 | . 3 12 16 27 Peak Tracking Total 8 | . 3 3 4 8 Tactical Retreats 6 | . . 1 1 4 Traps | -11 -10 -10 -9 -8 ------- Run | Yrd Mat Min Mat Mat Traps Triggered 1 | . . . 1 . Indirectly . | . . . . . Trap Hack Attempts . | . . . . . Triggered . | . . . . . Disarmed . | . . . . . Reprogrammed . | . . . . . Reused . | . . . . . Traps Extracted . | . . . . . Installed . | . . . . . Triggered . | . . . . . Machines | -11 -10 -10 -9 -8 ---------- Run | Yrd Mat Min Mat Mat Machines Disabled 3 | . . . 2 1 Max in Single Turn 1 | . . . 1 1 Machines Repaired . | . . . . . Machines Dismantled . | . . . . . Machines Sabotaged . | . . . . . Overloaded Fab Kills . | . . . . . Hacking | -11 -10 -10 -9 -8 --------- Run | Yrd Mat Min Mat Mat Machines Accessed 4 | . 1 . 2 1 Terminals 2 | . . . 1 1 Fabricators . | . . . . . Repair Stations . | . . . . . Recycling Units 2 | . 1 . 1 . Scanalyzers . | . . . . . Garrison Access . | . . . . . Total Hacks 13 | . 3 . 8 2 Successful 8 | . 2 . 5 1 Failed 5 | . 1 . 3 1 Catastrophic . | . . . . . Database Lockouts . | . . . . . Manual . | . . . . . Terminals 7 | . . . 5 2 Fabricators . | . . . . . Repair Stations . | . . . . . Recycling Units 6 | . 3 . 3 . Scanalyzers . | . . . . . Garrison Access . | . . . . . Terminal Hacks 5 | . . . 4 1 Record 2 | . . . 2 . Security Status 1 | . . . 1 . Patrol Status 1 | . . . 1 . Zone Layout 1 | . . . . 1 Fabricator Hacks . | . . . . . Repair Station Hacks . | . . . . . Recycling Unit Hacks 3 | . 2 . 1 . Process 1 | . 1 . . . Report Inventory 1 | . 1 . . . Retrieve Components 1 | . . . 1 . Scanalyzer . | . . . . . Garrison Access Hacks . | . . . . . Unauthorized Hacks . | . . . . . Terminals . | . . . . . Fabricators . | . . . . . Repair Stations . | . . . . . Recycling Units . | . . . . . Scanalyzers . | . . . . . Garrison Access . | . . . . . Data Cores Recovered . | . . . . . Used . | . . . . . Hacking Detections 1 | . . . 1 . Full Trace Events 1 | . . . 1 . Feedback Events . | . . . . . Feedback Blocked . | . . . . . Robot Schematics Acquired . | . . . . . Robots Built . | . . . . . Authchips . | . . . . . Time . | . . . . . Total Robot Build Rating . | . . . . . Part Schematics Acquired . | . . . . . Parts Built . | . . . . . Authchips . | . . . . . Time . | . . . . . Total Part Build Rating . | . . . . . Parts Repaired . | . . . . . Time . | . . . . . Parts Recycled . | . . . . . Recycled Matter 5 | . 5 . . . Retrieved Matter . | . . . . . Retrieved Components 2 | . . . 2 . Parts Scanalyzed . | . . . . . Part Schematics Acquired . | . . . . . Parts Damaged . | . . . . . Bothacking | -11 -10 -10 -9 -8 ------------ Run | Yrd Mat Min Mat Mat Used RIF Installer . | . . . . . Robots Hacked . | . . . . . Non-combat . | . . . . . Combat . | . . . . . Robot Hacks Applied . | . . . . . Relay Couplers Released . | . . . . . Fabnet Peak Effective % . | . . . . . Robots Rewired . | . . . . . Allies Hacked . | . . . . . Hacks Repelled . | . . . . . Allies | -11 -10 -10 -9 -8 -------- Run | Yrd Mat Min Mat Mat Total Allies 3 | . . 3 . . Largest Group 3 | . . 3 3 . Highest-Rated Group 40 | . . 40 40 . Highest-Rated Ally 16 | . . 16 16 . Total Orders 2 | . . 1 1 . FOLLOW 1 | . . 1 . . GUARD 1 | . . . 1 . Ally Attacks 47 | . . . 47 . Total Damage 484 | . . . 484 . Kills 10 | . . . 10 . Allies Corrupted . | . . . . . Allies Melted . | . . . . . Intel | -11 -10 -10 -9 -8 ------- Run | Yrd Mat Min Mat Mat Robot Analysis Total . | . . . . . Derelict Logs Recovered 1 | . . 1 . . Drone Launches . | . . . . . Drone Recoveries . | . . . . . Exploration | -11 -10 -10 -9 -8 ------------- Run | Yrd Mat Min Mat Mat Turns Passed 2268 | 47 95 1099 613 414 Spaces Moved 1470 | 35 74 772 408 181 Core 10 | 10 . . . . Treads . | . . . . . Legs 1460 | 25 74 772 408 181 Wheels . | . . . . . Hover . | . . . . . Flight . | . . . . . Fastest Speed 50 | 50 120 120 120 130 Average Speed 120 | 100 120 120 120 130 Slowest Speed 130 | 120 120 120 130 130 Overloaded Moves . | . . . . . Propulsion Burnouts . | . . . . . Robots Hopped . | . . . . . Cave-ins Triggered . | . . . . . Exploration Rate (%) 35 | 4 23 97 31 22 Regions Visited 4 Branch Regions 1 Pre-discovered Areas . | . . . . . Known Exits Taken . | . . . . . Unknown Exits Taken 4 | 1 1 1 1 . Scrap Searched 1 | . . 1 . . Spaces Dug . | . . . . . Terrain Destroyed . | . . . . . Melee . | . . . . . Projectile . | . . . . . AOE . | . . . . . Terrain Rammed . | . . . . . Walls Destroyed . | . . . . . Machines Disabled . | . . . . . Actions | -11 -10 -10 -9 -8 --------- Run | Yrd Mat Min Mat Mat Total 1832 | 48 78 897 510 299 Wait 185 | . . 86 51 48 Move 1466 | 34 73 771 407 181 Hop . | . . . . . Pick Up 36 | 7 3 3 13 10 Fast Attach . | . . . . . Attach 24 | 6 1 5 4 8 Detach 6 | . . 1 1 4 Swap 6 | . . . 5 1 Drop 13 | 1 . . 7 5 Fire 67 | . 1 31 22 13 Melee 29 | . . . . 29 Ram . | . . . . . Kick . | . . . . . Crush . | . . . . . Escape Stasis . | . . . . . Rewire . | . . . . . Trap . | . . . . . Miscellaneous . | . . . . . Route ------- -11/Scrapyard -10/Materials -10/Mines (discovered 2 exits: *Mat x2) -9/Materials -8/Materials History --------- Turn | Location | Event 26 | -11/Scrapyard | Discovered new exit (range 16) 48 | -11/Scrapyard | Entered Materials 130 | -10/Materials | Discovered new exit (range 12) 143 | -10/Materials | Entered Mines 190 | -10/Mines | Met a Derelict bent on vengeance 253 | -10/Mines | Core integrity fell below 50% 300 | -10/Mines | Build established: Mutant 346 | -10/Mines | Lost 4 parts (1p1u2w) 427 | -10/Mines | Found a damaged Exp. Sensor Array with a note attached 429 | -10/Mines | Found Prototype Device 431 | -10/Mines | Identified Exp. Sensor Array 573 | -10/Mines | Learned Materials machine intel 679 | -10/Mines | Discovered new exit (range 7) 737 | -10/Mines | Found a hidden stash of uninstalled traps 747 | -10/Mines | Discovered new exit (range 6) 926 | -10/Mines | Assisted by bots powering up and referring to "LRC-V3" 1242 | -10/Mines | Entered Materials 1242 | -9/Materials | Accompanied by 3 allies 1242 | -9/Materials | Evolved 2 slots: Propulsion x2 1243 | -9/Materials | Loaded intel: 63 machine locations 1806 | -9/Materials | Discovered new exit (range 16) 1855 | -9/Materials | Entered another Materials area 1855 | -8/Materials | Evolved 2 slots: Power x1, Utility x1 2200 | -8/Materials | Destroyed 7 combat bots 2269 | -8/Materials | Self-destructed Last Messages --------------- Destroyed Katana. L-31 Rogue system corrupted by crushing effect. L-31 Rogue knocked back. L-31 Rogue system terminally corrupted. Core Shielding fried. Imp. Aluminum Leg fried. K-01 Serf collects debris. G-47 Trooper destroyed. K-01 Serf collects debris. K-01 Serf cleans the Terminal. Critical hit (Burn: +37). K-01 Serf collects debris. Destroyed Imp. Heat Sink. G-47 Trooper system corrupted by crushing effect. G-47 Trooper system terminally corrupted. Aluminum Leg fried. Particle Gun fried. K-01 Serf collects debris. Map ----- +----------------------------------------------------+ | ?????????????????????????????????????????????????? | | ?????????????????????????????????????????????????? | | ?????????????????????????????????????????????????? | | ?????????????????????????????????????????????????? | | ?????????????????????????????????????????????????? | | ?????????????????????????????????????????????????? | | ?????????????????????????????????????????????????? | | ?????????????????????????????????????????????????? | | ?????????????????????????????????????????????????? | | ?????????????????????????????????????????????????? | | ?????????????????????????????????????????????????? | | ????????????????????????????????????? T ?????????? | | ????????????????????????????????????? ????????? | | ????????????????????????????????????? ????????? | | ????????????????????????????????????? #??[?????? | | ????????????????????????????????????# #??[?????? | | ????????????????????????????????????# #? ????? | | ????????????????????????????????????# ## ?????? | | ?????????????????????###########????# ? #?? | | ?????????????????????# ! #????# #?? | | ?????????????????????# #????# ^ #?? | | ????????????? ######?# #???## #?? | | ?????????????? # #???#" """ #?? | | ???????????????? g #???#T """ ! #?? | | ?????????????????????# #????" """ +?? | | ?????????????????????# @ ###### #?? | | ?????????????????????# + % !% #?? | | ?????????????????????################ % #### #?? | | ????????????????????????????????????## ##????????? | | ?????????????????????????????????????# #?????????? | | ?????????????????????????????????????#%#?????????? | | ????????????????????????????????###### #?????????? | | ?????????????????????????######## #?????????? | | ?????????????????????????#=!%%% # #+####?????????? | | ?????????????????????????#=%""" # # ???????????? | | ?????????????????????????#[=[""%+ # [ #?????????? | | ?????????????????????????#[!""" # # #?????????? | | ?????????????##########??#!%""" # # #?????????? | | ?????????????# #??#/!] # # #?????????? | | ??######## ??# #??######## # #?????????? | | ??# # !! #### + # #?????????? | | ??# / !! + =+ # # #?????????? | | ??# # #### """# # #?????????? | | ??# #### ??# """ #??# """# ######?????????? | | ?????????????# """ #??# """# #??????????????? | | ?????????????# """ #??# # #??????????????? | | ?????????????# #?######### ################ | | ?????????????########## + # ! | | ??????????????????????# # ######### # | | ??????????????????????# # # # # """ | +----------------------------------------------------+ Best States ------------- Heat Dissipation 41 Energy Generation 19 Energy Capacity 350 Matter Stores 300 Matter Capacity 300 Sight Range 16 Robot Scan Range 20 Terrain Scan Density 10 Armor Coverage 225 Evasion (%) 55 Offensive Hacking 10 Item Schematics ----------------- None Robot Schematics ------------------ None Fabricated ------------ Nothing Alien Tech Used ----------------- None Achievements -------------- None Challenges ------------ None Game ------ Seed PointyClaymoresAccelerator Manual? 0 Play Time 00:31:35 Cumulative 3.1 hours Start 2024.11.27 @ 14:22:10 End 2024.12.13 @ 22:59:45 Sessions 3 Manual Loads 0 Difficulty Rogue Special Mode None Game No. 6 Rogue 6 Adventurer 0 Explorer 0 Win Type - Total 0 Types 0/0/0/0/0/0/0/0/0 Lore% 2 Gallery% 7 Achievement% 7 Wizard Run 0 Options --------- Layout 1 ASCII 0 Keyboard 0 Movement Mouse Keybinds 0 Fullscreen 2 Font 48/Smallcaps Map View 50x35 Zoom Use 0% Tactical HUD 0 Map Filters NONE Filters NONE Steam 1 RUN: f618ccdb-584d-41a5-8e3a-15208ce73fb7